 Dungeon Crawl Stone Soup version 0.19.1-1-g22dce08 (webtiles) character file.

305 paradoxae the Sneak (level 6, -4/43 HPs)
             Began as a Vampire Enchanter on Jan 2, 2017.
             Slain by a hippogriff (12 damage)
             ... on level 3 of the Dungeon.
             The game lasted 00:23:14 (4127 turns).

paradoxae the Sneak (Vampire Enchanter)             Turns: 4127, Time: 00:23:14

Health: -4/43      AC:  4    Str: 15    XL:     6   Next: 15%
Magic:  0/9        EV: 13    Int: 20    God:
Gold:   143        SH:  0    Dex: 14    Spells: 2 memorised, 4 levels left

rFire  . . .     SeeInvis +     a - +1 dagger (drain)
rCold  + + .     Gourm    .     b - +1 robe
rNeg   + + +     Faith    +     (no shield)
rPois  ∞         Spirit   .     (no helmet)
rElec  .         Reflect  .     (no cloak)
rCorr  .         Harm     .     g - +0 pair of gloves
MR     .....                    (no boots)
Stlth  +++++.....               n - amulet of faith
                                (no ring)
                                v - +3 ring of strength

@: mighty, flying, bloodless, non-regenerating
A: fangs 3, see invisible, unbreathing
a: Bat Form


You were on level 3 of the Dungeon.
You were bloodless.

You visited 1 branch of the dungeon, and saw 4 of its levels.

You collected 143 gold pieces.

Inventory:

Hand Weapons
 a - a +1 dagger of draining (weapon)
 u - a +1 dagger
Missiles
 e - 131 stones (quivered)
Armour
 b - a +1 robe (worn)
 g - a +0 pair of gloves (worn)
Jewellery
 n - an amulet of faith (around neck)
 v - a +3 ring of strength (left hand)
Scrolls
 h - a scroll of blinking
 i - 3 scrolls of teleportation
 j - a scroll of noise {unknown}
 k - 2 scrolls of amnesia
 l - a scroll of magic mapping {unknown}
 m - a scroll of identify
 o - a scroll of random uselessness {unknown}
 p - a scroll of remove curse
 q - a scroll of recharging {unknown}
Potions
 d - 29 potions of blood
 f - a potion of mutation
 r - a potion of curing
Books
 c - a book of Maledictions

   Spells                             Type                      Level
   a - Corona                         Hexes                        1
   b - Ensorcelled Hibernation        Hexes/Ice                    2
   c - Confuse                        Hexes                        3
   d - Tukima's Dance                 Hexes                        3
   e - Dazzling Spray                 Conjuration/Hexes            3


   Skills:
 + Level 1.5 Fighting
 + Level 2.6 Short Blades
 + Level 1.2 Armour
 + Level 3.4 Dodging
 + Level 5.3 Stealth
 + Level 2.3 Spellcasting
 + Level 0.9 Conjurations
 + Level 5.3 Hexes
 * Level 2.0 Ice Magic


You had 4 spell levels left.
You knew the following spells:

 Your Spells              Type           Power        Failure   Level  Hunger
d - Dazzling Spray        Conj/Hex       ##....       14%         3    ###....
z - Ensorcelled Hibernat  Hex/Ice        ###...       6%          2    ##.....


Dungeon Overview and Level Annotations

Branches:
Dungeon (4/15)
 Temple: D:4-7

Altars:
Okawaru
Zin

Annotations:
D:4 Blork the orc


Innate Abilities, Weirdness & Mutations

You do not heal naturally.
You are immune to poison.
You have razor-sharp teeth.
You have supernaturally acute eyesight. (SInv)
You can survive without breathing.


Message History

Aiming: Ensorcelled Hibernation
Press: ? - help, Shift-Dir - straight line, f/p - hippogriff
Aim: a hippogriff (chance to defeat MR: 43%)
The hippogriff resists with some effort.
The hippogriff closely misses you.
The hippogriff pecks you but does no damage.
The hippogriff claws you.
It was a potion of curing.
You feel better. The hippogriff closely misses you. The hippogriff pecks you.
The hippogriff claws you.
It was a potion of might.
You feel very mighty all of a sudden. The hippogriff bites you.
* * * LOW HITPOINT WARNING * * *
The hippogriff pecks you.
* * * LOW HITPOINT WARNING * * *
The hippogriff claws you but does no damage.
It was a potion of flight.
You feel very buoyant.
You fly up into the air.
The hippogriff bites you!
You die...

#8.....8# ##.## ##'## #.......#
#.# ##...# # #8.....8# #.#
##..... ## #.......# #####.##
##.)..).
.#####8.....8###......####)......
.'...#..(.(..#...........'.......
.###############.##...####.)..<..
## #.#####.# #H###.## ##...... #
#.......# #@....# ##.....
###.##### #.....# ##...# #.#
##.#### ##... #.# #.# #..# ####
#.# #.# #..# ...#####.# #.# #####
##..# ##.......#
#.###...#####...# #########
#.##.............
#.##.###.####...#


You could see a hippogriff.

Vanquished Creatures
  3 orc wizards (D:3)
  Ijyb (D:3)
  9 adders
  An ooze (D:2)
  2 worms (D:2)
  2 dart slugs
  2 leopard geckos
  9 orcs (D:3)
  4 giant cockroaches (D:1)
  17 goblins
  10 hobgoblins
  6 jackals (D:1)
  7 kobolds
  A quokka (D:3)
  5 bats
  4 frilled lizards
  2 rats (D:2)
85 creatures vanquished.

Notes
Turn   | Place    | Note
-------+----------+-------------------------------------------
     0 | D:1      | paradoxae the Vampire Enchanter began the quest for the Orb.
     0 | D:1      | Reached XP level 1. HP: 13/13 MP: 3/3
   700 | D:1      | Reached XP level 2. HP: 16/20 MP: 5/5
   704 | D:1      | Learned a level 2 spell: Ensorcelled Hibernation
  1649 | D:1      | Reached XP level 3. HP: 22/25 MP: 6/6
  1654 | D:1      | Learned a level 3 spell: Dazzling Spray
  1859 | D:2      | Reached skill level 1 in Fighting
  1859 | D:2      | Reached skill level 5 in Stealth
  2154 | D:2      | Reached XP level 4. HP: 32/32 MP: 7/7
  2635 | D:2      | Reached skill level 1 in Armour
  2917 | D:3      | Reached skill level 1 in Ice Magic
  2919 | D:3      | Reached XP level 5. HP: 37/37 MP: 8/8
  3164 | D:3      | Found an iron altar of Okawaru.
  3231 | D:3      | Reached skill level 5 in Hexes
  3633 | D:3      | Found a glowing silver altar of Zin.
  3633 | D:3      | Noticed an angel
  3882 | D:3      | Noticed Ijyb
  3903 | D:3      | Killed Ijyb
  3903 | D:3      | Reached XP level 6. HP: 43/43 MP: 5/9
  4107 | D:4      | Noticed Blork the orc
  4112 | D:4      | Noticed a hippogriff
  4127 | D:3      | Slain by a hippogriff

Skill      XL: |  1  2  3  4  5  6 |
---------------+-------------------+-----
Fighting       | 1 |  1.5
Stealth        | 5 |  5.3
Short Blades   | 2 |  2.6
Armour         | 1 |  1.2
Ice Magic      | 1 2 |  2.0
Dodging        | 3 |  3.4
Hexes          | 5 |  5.3
Spellcasting   | |  2.3
Conjurations   | |  0.9

Action                   |  1- 3 |  4- 6 || total
-------------------------+-------+-------++-------
Melee: Dagger            |   127 |    75 ||   202
       Bite              |     6 |     4 ||    10
Throw: Stone             |       |     4 ||     4
 Cast: Ensorcelled Hiber |    17 |    32 ||    49
  Use: Scroll            |       |     5 ||     5
       Potion            |       |     3 ||     3
 Stab: Sleeping          |    20 |    39 ||    59
Armor: Robe              |    37 |    11 ||    48
Dodge: Dodged            |    71 |    28 ||    99
